 Dungeon Crawl Stone Soup version 0.32-a0-986-ga09f62fbf4 (webtiles) character file.

Game seed: 15652513448753324725

24 GiantSquids the Shooter (level 3, 28/28 HPs)
             Began as a Coglin Hunter on Apr 21, 2024.
             Quit the game on level 1 of the Dungeon.
             The game lasted 00:01:06 (443 turns).

GiantSquids the Shooter (Coglin Hunter)              Turns: 443, Time: 00:01:07

Health: 28/28      AC:  3    Str: 13    XL:     3   Next: 2%
Magic:  3/3        EV: 11    Int:  8    God:
Gold:   16         SH:  0    Dex: 17    Spells: 2/2 levels left

rFire   . . .        a - +2 sling {Uttamveer}
rCold   . . .        d - +0 sling {Birgit}
rNeg    . . .        c - +0 leather armour
rPois   .            (no helmet)
rElec   .            (no cloak)
rCorr   .            (no gloves)
SInv    .            (no boots)
Will    .....        (amulet unavailable)
Stlth   ++           (ring unavailable)
HPRegen 0.24/turn    (ring unavailable)
MPRegen 0.08/turn    (no gizmo)

%: no passive effects
@: revved
A: off-hand wielding, slow wielding, warmup strikes, no jewellery
a: Invent Gizmo


You were on level 1 of the Dungeon.
You visited 1 branch of the dungeon, and saw 1 of its levels.

You collected 16 gold pieces.

Inventory:

Hand Weapons
 a - a +2 sling (weapon) {Uttamveer}
 d - a +0 sling (offhand) {Birgit}
Armour
 c - a +0 leather armour (worn)
Scrolls
 b - a scroll of butterflies
 e - a scroll of enchant armour {unknown}
 f - a scroll of identify {unknown}
 h - a scroll of poison {unknown}
Potions
 g - a potion of berserk rage {unknown}


   Skills:
 + Level 2.5 Fighting
 * Level 4.2 Ranged Weapons
 - Level 1.7 Dodging
 - Level 0.7 Stealth


You had 2 spell levels left.
You didn't know any spells.
Your spell library was empty.

Dungeon Overview and Level Annotations

Branches:
Dungeon (1/15)

Altars:


Innate Abilities, Weirdness & Mutations

You can wield a second weapon in your off-hand.
It takes a long time for you to wield or remove held weapons.
Your first few attacks do less damage.
You cannot equip rings or amulets.


Message History

You shoot a sling bullet. The jackal barks!
The sling bullet hits the jackal.
The jackal is heavily wounded.
You shoot a sling bullet.
The sling bullet closely misses the jackal.
You hear a bark!
You shoot a sling bullet. The sling bullet hits the jackal.
You kill the jackal!
You shoot a sling bullet.
No target in view!
No target in view!
No target in view!
A jackal comes into view.
A bat comes into view.
The jackal moves out of view.
A bat is nearby!
You shoot a sling bullet. The sling bullet barely misses the bat.
You shoot a sling bullet.
The sling bullet closely misses the bat.
You shoot a sling bullet.
The sling bullet hits the jackal but does no damage.
You shoot a sling bullet.
The sling bullet barely misses the jackal.
You shoot a sling bullet. The sling bullet hits the bat.
The bat is moderately wounded.
You shoot a sling bullet.
The sling bullet hits the bat but does no damage.
The bat is moderately wounded.
The bat misses you.
There are monsters nearby!
You shoot a sling bullet. The sling bullet hits the bat!
You kill the bat!
You shoot a sling bullet.
The jackal bites you but does no damage.
You have reached level 3!
Your experience leads to an increase in your attributes!
Increase (S)trength, (I)ntelligence, or (D)exterity?
You feel stronger. x2
Your brain swirls with designs for a neotransmogrifier N-60.
You just need some more time...
Are you sure you want to abandon this character and quit the game? (Confirm with "yes".)

.... ...# .. ...# ..
#..# ...# .. #†.. ...#
.## #..# ...# ..## #..#
...# †.# #..# .#.# #h#
#..# .### #@# ###..#
...### #.###.†..#
.##..## #..#..#.##
+####.#### ####.#.##.#
.........+ +....>.##.#
+######.## #########.#
........# #.# +####.###
#.#
.##..#################.#


You could see a jackal.

Vanquished Creatures
  A ball python (D:1)
  5 bats (D:1)
  2 goblins (D:1)
  A hobgoblin (D:1)
  6 jackals (D:1)
  A kobold (D:1)
  A quokka (D:1)
  A frilled lizard (D:1)
  2 rats (D:1)
20 creatures vanquished.

Notes
Turn   | Place    | Note
-------+----------+-------------------------------------------
     0 | D:1      | GiantSquids the Coglin Hunter began the quest for the Orb.
     0 | D:1      | Reached XP level 1. HP: 16/16 MP: 1/1
   143 | D:1      | Reached XP level 2. HP: 22/22 MP: 2/2
   163 | D:1      | Reached skill level 4 in Ranged Weapons
   443 | D:1      | Reached XP level 3. HP: 28/28 MP: 3/3
   443 | D:1      | Quit the game

Illustrated notes

Levels and vault maps discovered:
D:1:      dpeg_arrival_subterranean_lakeside_camping, layout_basic,
          interstate_on_off

Skill      XL: |  1  2 |
---------------+-------+-----
Ranged Weapons | 4 |  4.2
Fighting       | |  2.5
Dodging        | |  1.7
Stealth        | |  0.7

Action                     || total
---------------------------++-------
   Fire: Sling             ||    84
 Armour: Leather armour    ||     3
  Dodge: Dodged            ||     7

Table legend: (Time is in decaauts)
 A = Elapsed time spent in this place.
 B = Non-inter-level travel time spent in this place.
 C = Inter-level travel time spent in this place.
 D = Time resting spent in this place.
 E = Time spent auto-exploring this place.
 F = Levels seen in this place.
 G = Mean time per level.
                   A        B        C        D        E       F      G
               +--------+--------+--------+--------+--------+-----+--------+
         Total |    453 |    453 |      0 |      0 |    376 |   1 |  453.0 |
       Dungeon |    453 |    453 |      0 |      0 |    376 |   1 |  453.0 |
               +--------+--------+--------+--------+--------+-----+--------+

Top non-repeatable levels by time:
     D:1: 453 daAuts
